 Dungeon Crawl Stone Soup version 0.24.0 (webtiles) character file.

Game seed: 7745301960068446277, levelgen mode: classic

372237 EnegeticOcto the Champion of Chaos (level 21, -31/195 HPs)
             Began as a Deep Dwarf Fighter on Oct 25, 2019.
             Was the Champion of Makhleb.
             Killed from afar by a black draconian scorcher (45 damage)
             ... with a bolt of fire
             ... on level 3 of the Realm of Zot.
             The game lasted 00:39:45 (27991 turns).

EnegeticOcto the Champion of Chaos (DDFi)          Turns: 27991, Time: 00:39:46

Health: -31/195    AC: 25    Str: 25 (26) XL:     21   Next: 37%
Magic:  17/17      EV: 14    Int: 11      God:    Makhleb [******]
Gold:   2437       SH: 23    Dex: 12      Spells: 20/20 levels left

rFire    . . .     SeeInvis .   c - +8 mithril axe "Arga" {speed, MR+}
rCold    + + .     Gourm    .   y - +2 large shield
rNeg     + . .     Faith    .   X - +3 plate armour {rPois}
rPois    +         Spirit   .   w - +2 helmet of Dixtef {Slay+4}
rElec    +         Reflect  .   F - scarf {cloud immunity}
rCorr    +         Harm     .   W - +3 pair of gauntlets of War {Slay+5}
MR       +++++                  h - +0 pair of boots
Stlth    ..........             D - amulet "Boorhig" {RegenMP rElec rC++ MR+ Stlth+}
HPRegen  0.00/turn              E - ring of resist corrosion
MPRegen  0.40/turn              j - +4 ring of evasion

@: lethally poisoned (-31 -> -40), non-regenerating, slowed, constricted, very
slow
A: damage resistance, heal wounds, fangs 1, deformed body, deterioration 1,
negative energy resistance 1, sense surroundings 3, weak 1, evolution 1, subdued
magic 1, MP-powered wands, no regeneration
}: 3/15 runes: serpentine, barnacled, slimy
a: Heal Wounds, Minor Destruction, Lesser Servant of Makhleb, Major Destruction,
Greater Servant of Makhleb, Renounce Religion


You were on level 3 of the Realm of Zot.
You worshipped Makhleb.
Makhleb was exalted by your worship.
You were full.

You visited 9 branches of the dungeon, and saw 45 of its levels.
You also visited: Gauntlet and Volcano.

You collected 3667 gold pieces.
You spent 1230 gold pieces at shops.

Inventory:

Hand Weapons
 c - the +8 mithril axe "Arga" (weapon) {speed, MR+}
   (You acquired it on level 12 of the Dungeon)

   Attacks with this weapon are significantly faster.
   It affects your resistance to hostile enchantments.
Missiles
 G - a throwing net (quivered) {!f}
Armour
 h - a +0 pair of boots (worn)
 w - the +2 helmet of Dixtef (worn) {Slay+4}
   (You acquired it on level 1 of the Depths)

   It affects your accuracy and damage with ranged weapons and melee attacks
   (+4).
 y - a +2 large shield (worn)
 F - a scarf of cloud immunity (worn)
 W - the +3 pair of gauntlets of War (worn) {Slay+5}
   (You found it on level 5 of the Lair of Beasts)

   It affects your accuracy and damage with ranged weapons and melee attacks
   (+5).
 X - a +3 plate armour of poison resistance (worn)
Jewellery
 j - a +4 ring of evasion (right hand)
 n - an uncursed ring of protection from fire
 D - the amulet "Boorhig" (around neck) {RegenMP rElec rC++ MR+ Stlth+}
   (You found it on level 7 of the Dungeon)

   [amulet of magic regeneration]

   It increases your magic regeneration.
   It greatly protects you from cold.
   It insulates you from electricity.
   It affects your resistance to hostile enchantments.
   It makes you more stealthy.
 E - a ring of resist corrosion (left hand)
 I - an uncursed ring of protection from magic
Wands
 p - a wand of digging (5)
 s - a wand of paralysis (1)
 A - a wand of disintegration (11)
 B - a wand of polymorph (16)
 H - a wand of clouds (4)
 K - a wand of enslavement (14)
 N - a wand of iceblast (10)
 O - a wand of flame (125)
 Z - a wand of acid (31)
Scrolls
 b - 9 scrolls of remove curse {@r2}
 f - 16 scrolls of teleportation {@r3 !r}
 q - 7 scrolls of blinking {@r4}
 t - 2 scrolls of magic mapping {@r5 !r}
 v - 5 scrolls of enchant weapon
 C - 6 scrolls of enchant armour
 J - 2 scrolls of fear {!r}
 M - 4 scrolls of fog {!r}
 R - 8 scrolls of identify {@r1}
 S - 2 scrolls of immolation
 T - a scroll of silence
Potions
 a - a potion of invisibility
 d - 4 potions of might {@q3 !q}
 g - 12 potions of heal wounds {@q2 !q}
 i - 3 potions of berserk rage
 k - 5 potions of ambrosia
 l - 4 potions of flight
 m - 4 potions of agility {@q5 !q}
 o - 6 potions of lignification {@q6}
 r - 5 potions of mutation
 u - 2 potions of haste {@q4 !q}
 x - 4 potions of brilliance
 z - 6 potions of cancellation
 L - 10 potions of curing {@q1 !q}
 P - 2 potions of magic
 V - 3 potions of resistance
Miscellaneous
 Q - a lamp of fire
 U - 4 boxes of beasts
 Y - 4 phantom mirrors
Comestibles
 e - 40 rations


   Skills:
 + Level 13.5 Fighting
 - Level 19.9 Axes
 + Level 15.5 Armour
 + Level 15.3 Dodging
 + Level 15.6 Shields
 * Level 23.6 Invocations


You had 20 spell levels left.
You didn't know any spells.
Your spell library contained the following spells:

 Spells                   Type           Power        Failure   Level  Hunger
 Infusion                 Chrm           #...         100%        1    ##.....
 Magic Dart               Conj           #...         100%        1    ##.....
 Sandblast                Erth           #.....       100%        1    ##.....
 Sting                    Conj/Pois      #...         100%        1    ##.....
 Summon Small Mammal      Summ           #...         100%        1    ##.....
 Blink                    Tloc           N/A          100%        2    ###....
 Call Imp                 Summ           #.......     100%        2    ###....
 Passwall                 Tmut/Erth      #.......     100%        2    ###....
 Poisonous Vapours        Pois/Air       #.....       100%        2    ###....
 Slow                     Hex            #.......     100%        2    ###....
 Call Canine Familiar     Summ           #.......     100%        3    ####...
 Conjure Flame            Conj/Fire      #.......     100%        3    ####...
 Gell's Gravitas          Tloc           #.........   100%        3    ####...
 Mephitic Cloud           Conj/Pois/Air  #.......     100%        3    ####...
 Portal Projectile        Hex/Tloc       #.....       100%        3    ####...
 Stone Arrow              Conj/Erth      #.....       100%        3    ####...
 Summon Guardian Golem    Hex/Summ       #.......     100%        3    ####...
 Cause Fear               Hex            #.........   100%        4    #####..
 Force Lance              Conj/Tloc      #.......     100%        4    #####..
 Olgreb's Toxic Radiance  Pois           #.......     100%        4    #####..
 Petrify                  Tmut/Erth      #.......     100%        4    #####..
 Summon Ice Beast         Ice/Summ       #.......     100%        4    #####..
 Summon Lightning Spire   Summ/Air       #.......     100%        4    #####..
 Lee's Rapid Deconstruct  Erth           #.........   100%        5    ######.
 Silence                  Hex/Air        #.........   100%        5    ######.
 Yara's Violent Unravell  Hex/Tmut       #.........   100%        5    ######.
 Deflect Missiles         Chrm/Air       #.........   100%        6    #######
 Dispersal                Tloc           #.........   100%        6    #######
 Freezing Cloud           Conj/Ice/Air   #.........   100%        6    #######
 Malign Gateway           Summ/Tloc      #.........   100%        7    #######
 Monstrous Menagerie      Summ           #.........   100%        7    #######
 Ring of Flames           Chrm/Fire      #.........   100%        7    #######
 Summon Greater Demon     Summ           #.........   100%        7    #######
 Controlled Blink         Tloc           N/A          100%        8    #######
 Discord                  Hex            #.........   100%        8    #######
 Disjunction              Tloc           #.........   100%        8    #######
 Summon Horrible Things   Summ           #.........   100%        8    #######


Dungeon Overview and Level Annotations

Branches:
Dungeon (15/15)            Temple (1/1) D:4            Lair (6/6) D:10
 Shoals (4/4) Lair:2        Snake (4/4) Lair:3        Slime (5/5) Lair:5
    Orc (2/2) D:10            Elf (0/3) Orc:2        Vaults (0/5) D:13
 Depths (5/5) D:15            Zot (3/5) Depths:5    Volcano (visited)
Gauntlet (visited)

Altars:
Ashenzari
Elyvilon
Fedhas
Hepliaklqana
Kikubaaqudgha
Makhleb
Nemelex Xobeh
Okawaru
Qazlal
Ru
Sif Muna
Trog
Uskayaw
Wu Jian
Xom
Zin
The Shining One
Beogh

Shops:
D:4 *   D:10 ?   Orc:2 [%}!   Snake:1 [=}[=}=   Depths:3 [

Portals:
Hell: Depths:1 Depths:3 Depths:5
Abyss: Depths:4
Pandemonium: Depths:1 Depths:3
Ziggurat: Depths:5
Ice
Cave: Snake:4

Annotations:
D:7 2 runed translucent doors, Emblim88's ghost, novice TrMo
Lair:6 2 transporters, aduken's ghost, journeyman FeTm
Depths:1 1 runed translucent door, Himmaryad's ghost, adept TrMo


Innate Abilities, Weirdness & Mutations

You are resistant to damage.
You can heal yourself by infusing magical energy.
You resist negative energy. (rN+)
You passively map a large area around you.
You do not regenerate.
You have very sharp teeth.
Armour fits poorly on your strangely shaped body.
Your body sometimes deteriorates upon taking damage.
You are weak. (Str -2)
You evolve.
Your spells are a little easier to cast, but a little less powerful.
You expend magic power (3 MP) to strengthen your wands.


Message History

Makhleb accepts your kill.
You feel better.
The storm dragon scales are intact enough to wear.
You miss the death cob. You closely miss the moth of wrath.
The death cob hits you but does no damage.
The death cob misses you. You block the moth of wrath's attack.
A tentacled monstrosity comes into view.
You block the death cob's attack. The golden dragon breathes fire at you.
The bolt of fire misses you.
You slice the moth of wrath!!
The moth of wrath is severely wounded.
You slash the death cob!
The death cob hits you but does no damage.
You block the moth of wrath's attack. You block the death cob's attack.
You slice the moth of wrath!!
You kill the moth of wrath!
Makhleb accepts your kill.
You feel better.
You hit the green draconian. You barely miss the green draconian.
You hit the death cob. You block the death cob's attack.
You block the green draconian's attack. The green draconian tail-slaps you.
You are poisoned.
The green draconian poisons you!
The green draconian hits you but does no damage.
You block the green draconian's attack.
A yellow draconian comes into view. It is wielding a +0 halberd.
You hit the death cob.
The death cob is moderately damaged.
You barely miss the purple draconian. You slash the green draconian!
You closely miss the green draconian.
You feel very sick. You block the death cob's attack. x2
The purple draconian hits you with a +0 short sword!
The green draconian hits you but does no damage.
The green draconian tail-slaps you but does no damage.
The death cob hits you!
You barely miss the death cob.
The death cob is moderately damaged.
You slash the green draconian! You hit the green draconian.
Your shield and plate armour prevent you from hitting the purple draconian.
You feel very sick. You block the death cob's attack.
The green draconian hits you with a cursed +0 mace!
The green draconian barely misses you. The death cob hits you!
The purple draconian barely misses you.
You feel much better.
You feel very sick. You block the death cob's attack. x2
A yellow draconian comes into view. It is wielding a +0 short sword.
You block the green draconian's attack. The green draconian closely misses you.
The death cob hits you! The death cob drains your vigour!
You feel as though you will be slow longer.
A green draconian comes into view. It is wielding a +5 battleaxe.
The purple draconian breathes dispelling energy at you.
The bolt of dispelling energy hits you!!
Your magical effects are unravelling.
A purple draconian comes into view. It is wielding a -2 mace.
The green draconian hits you but does no damage.
The green draconian misses you. You block the death cob's attack.
The black draconian scorcher misses you.
You feel much better.
You feel yourself speed up.
The sentinel's mark upon you fades away.
You feel very sick. The death cob misses you. You block the death cob's attack.
You block the green draconian's attack. The green draconian misses you.
You block the purple draconian's attack.
The death cob hits you! The death cob drains your vigour!
You feel yourself slow down.
The black draconian scorcher gestures at you while chanting.
The bolt of magma hits you!!
The green draconian hits you with a +0 flail.
* * * LOW HITPOINT WARNING * * *
The green draconian tail-slaps you.
* * * LOW HITPOINT WARNING * * *
You block the purple draconian's attack.
A demon appears!
You feel very sick.
The death cob hits you but does no damage.
The death cob hits you!!
* * * LOW HITPOINT WARNING * * *
Your body deteriorates!
You feel weakened. The death cob drains your vigour!
You feel as though you will be slow longer.
You block the death cob's attack.
The black draconian scorcher hits you but does no damage.
A black draconian scorcher comes into view.
It is wielding a +0 whip of pain.
The green draconian misses you. You block the green draconian's attack.
You block the yellow draconian's attack.
The purple draconian hits you but does no damage.
The death cob barely misses you.
The tentacled monstrosity tentacle-slaps you but does no damage. x2
You block the tentacled monstrosity's attack.
The tentacled monstrosity grabs you.
* * * LOW HITPOINT WARNING * * *
The tentacled monstrosity constricts you!
The black draconian scorcher casts a spell at you.
The bolt of fire hits you!!!
You die...

,* , *...# * * **
#...# * ,, ##...#
, , ,, ** **
#....# * , , *
##....# * , ... ,
.....# ,
*....###....# *
#....DX@d2.# .#
##...ddzq..###$.#
,
#....dd........#
,
#.^...#d........#
*
#...d.#........##
*
#.....#.......##
, ###.. #......##
, #.. #q....## *
#....##


You could see a tentacled monstrosity, a golden dragon, 2 draconians, 3
draconians, 2 draconians, a death cob, 2 draconians and a friendly cacodemon.

Vanquished Creatures
  the Royal Jelly (Slime:5)
  An orb of fire (Zot:1)
  Boris (twice) (Depths:3 Depths:5)
  Bai Suzhen (Shoals:4)
  Saint Roka (Depths:4)
  A golden dragon (Depths:5)
  Nikola (Shoals:4)
  A bone dragon (Depths:5)
  A tentacled monstrosity (Zot:1)
  16 acid blobs
  A quicksilver dragon (Zot:2)
  A kraken (Shoals:3)
  A shadow dragon (Depths:5)
  2 storm dragons
  A daeva (Depths:5)
  Ilsuiw (Shoals:3)
  7 azure jellies
  3 frost giants
  6 fire giants
  12 nagarajas
  A draconian knight (Zot:1)
  A draconian stormcaller (Depths:5)
  A juggernaut zombie (Depths:3)
  2 angels (Depths:5)
  A draconian annihilator (Depths:5)
  A reaper (Depths:1)
  A spriggan defender (Depths:1)
  20 very ugly things
  2 green draconians
  3 vampire knights
  12 stone giants
  Nessos (Lair:4)
  2 black draconians (Zot:1)
  4 purple draconians
  3 yellow draconians
  3 white draconians
  A red draconian (Zot:1)
  2 spark wasps (Depths:4)
  11 ettins
  5 merfolk javelineers
  10 fire dragons
  5 death oozes (Slime:5)
  A deep elf high priest (Depths:5)
  11 great orbs of eyes
  10 merfolk impalers
  5 yaktaur captains
  2 hydras
  4 vault guards (D:13)
  21 naga warriors
  A catoblepas (Lair:6)
  4 rakshasas
  An ice dragon (Depths:1)
  4 spriggan air magi
  2 alligator snapping turtles (Shoals:4)
  4 anacondas
  A merfolk aquamancer (Shoals:4)
  2 merfolk avatars (Shoals:3)
  A satyr (Shoals:3)
  4 ogre magi (Depths:1)
  5 two-headed ogres
  8 centaur warriors
  5 deep troll shamans
  4 deep troll earth magi
  4 tengu warriors
  A death scarab (Gauntlet)
  A vampire mage (Depths:5)
  4 orc high priests (Orc:2)
  7 naga sharpshooters (Snake:4)
  3 spriggan berserkers
  Nergalle (Orc:1)
  A shock serpent (Snake:4)
  9 hell knights
  2 fire crabs (Shoals:3)
  2 skeletal warriors (D:15)
  An iron troll (Depths:3)
  A salamander mystic (Snake:3)
  5 sea snakes
  A death drake (Depths:2)
  A sixfirhy (Depths:1)
  10 deep trolls
  2 storm dragon skeletons
  An unseen horror (shapeshifter) (Depths:1)
  A flayed ghost (D:15)
  3 naga ritualists
  A spectral hydra (Depths:2)
  A wolf spider zombie (D:12)
  6 necromancers
  6 harpies
  4 glowing orange brains
  A golden dragon skeleton (Depths:3)
  35 ugly things
  2 wolf spiders (Lair:6)
  2 orc sorcerers
  5 orc knights
  5 salamanders
  A mana viper (Snake:1)
  9 manticores
  4 cyclopes
  5 merfolk sirens
  A fire giant zombie (Depths:3)
  2 shining eyes
  3 moths of wrath
  8 elephants (Lair:6)
  4 fauns (Shoals:3)
  2 deep elf magi
  5 guardian serpents
  19 black mambas
  A stone giant skeleton (D:15)
  An elf zombie (D:15)
  3 eyes of devastation
  A fire giant skeleton (Depths:3)
  Joseph (D:8)
  3 centaur zombies
  7 naga magi
  3 water nymphs
  A spriggan zombie (D:15)
  A gargoyle (D:13)
  15 spiny frogs
  A spiny frog (shapeshifter) (Depths:3)
  2 kobold demonologists
  An orange demon (Depths:1)
  4 rime drakes
  An ice devil (Gauntlet)
  An efreet (D:15)
  7 komodo dragons
  2 spriggan skeletons (Depths:3)
  16 yaktaurs
  3 tengu conjurers
  2 wind drakes
  3 trolls
  A tyrant leech (Gauntlet)
  The ghost of Setanta the Chopper, an amateur BaFi (D:4)
  A polar bear (Lair:5)
  21 merfolk
  7 hornets
  A queen bee (Lair:2)
  3 raiju (Depths:2)
  22 blink frogs
  68 slime creatures
  14 hippogriffs
  A frost giant simulacrum (Depths:3)
  6 snapping turtles
  8 dream sheep
  Sigmund (D:6)
  6 wraiths
  4 shadows
  A yak (shapeshifter) (Depths:3)
  2 spriggans
  10 wyverns
  2 redbacks (Lair:6)
  7 water elementals
  2 basilisks
  33 yaks
  A fire elemental (Lair:5)
  3 fire bats
  3 hungry ghosts
  2 neqoxecs (Depths:1)
  3 swamp worms (Gauntlet)
  A spectral spiny frog (Gauntlet)
  10 wargs
  39 nagas
  A human zombie (Depths:3)
  An acid dragon (Lair:6)
  5 hell hounds
  31 water moccasins
  A floating eye (Depths:3)
  Duvessa (D:6)
  6 porcupines
  7 ice beasts
  40 orc warriors
  A hornet zombie (D:15)
  5 phantoms
  6 sky beasts
  2 eyes of draining
  7 wolves
  11 ogres
  10 centaurs
  2 snapping turtle zombies (Depths:2)
  13 crocodiles
  A crocodile (shapeshifter) (Depths:1)
  2 boggarts (Depths:1)
  2 big kobolds (D:9)
  25 bullfrogs
  2 wyvern zombies
  A gnoll sergeant (D:7)
  A wyvern skeleton (D:10)
  5 scorpions
  Dowan (D:6)
  41 killer bees
  16 wights
  A howler monkey (D:8)
  An electric eel (D:8)
  6 crimson imps
  4 bullfrog zombies
  6 jellies
  A quasit (D:7)
  2 hounds
  A gnoll shaman (D:6)
  4 centaur skeletons
  26 orc priests
  22 orc wizards
  4 bullfrog skeletons
  7 iguanas
  6 worker ants
  A hound zombie (D:6)
  A hound skeleton (D:4)
  12 gnolls
  15 adders
  5 shadow imps
  3 white imps (Gauntlet)
  4 oozes
  3 adder skeletons
  An adder zombie (D:5)
  A worm (D:5)
  2 dart slugs
  2 leopard geckos
  71 orcs
  8 bats
  8 giant cockroaches
  7 goblins
  4 hobgoblins
  17 jackals
  5 quokkas
  A ball python (D:3)
  7 frilled lizards
  A jackal skeleton (D:5)
  11 kobolds
  3 quokka skeletons
  A quokka zombie (D:6)
  3 rats
  A demonic plant (Gauntlet)
  2 fungi
  7 plants
  2 tentacles (Shoals:3)
1356 creatures vanquished.

Vanquished Creatures (collateral kills)
  4 nagarajas (Snake:4)
  A green draconian (Zot:1)
  3 black draconians (Zot:1)
  A minotaur (Gauntlet)
  A white draconian (Zot:1)
  A fire dragon (Lair:6)
  Erolcha (D:10)
  7 hydras
  7 naga warriors (Snake:4)
  An orc high priest (Orc:2)
  4 naga sharpshooters (Snake:4)
  A swamp dragon (Lair:6)
  3 naga ritualists (Snake:4)
  A moth of wrath (Zot:1)
  An elephant (Lair:6)
  A black mamba (Snake:4)
  2 centaur skeletons (D:10)
  A naga mage (Snake:4)
  A spiny frog (Lair:1)
  A gargoyle (D:11)
  2 rime drakes (Lair:6)
  4 blink frogs
  A dream sheep (Shoals:4)
  2 hippogriffs
  2 wyverns (Lair:6)
  2 yaks (D:10)
  2 steam dragons (Lair:6)
  22 nagas (Snake:4)
  An acid dragon (Lair:6)
  2 water moccasins
  3 orc warriors
  2 phantoms
  3 wolves (Lair:1)
  3 crocodiles
  A bullfrog (D:11)
  A crimson imp (D:11)
  An iguana (Lair:6)
  6 orcs
  A plant (Lair:2)
104 creatures vanquished.

Vanquished Creatures (others)
  2 shadow dragons (Zot:1)
  A red draconian (Zot:1)
  A water nymph (Shoals:4)
  2 wolves (Depths:2)
  3 demonic plants (Gauntlet)
  11 fungi
  46 plants
  2 tentacles (Shoals:3)
  2 withered plants (Depths:1)
70 creatures vanquished.

Grand Total: 1530 creatures vanquished

Notes
Turn   | Place    | Note
-------+----------+-------------------------------------------
     0 | D:1      | EnegeticOcto the Deep Dwarf Fighter began the quest for the
                  | Orb.
     0 | D:1      | Reached XP level 1. HP: 20/20 MP: 1/1
    81 | D:1      | Reached XP level 2. HP: 24/27 MP: 2/2
   463 | D:1      | Reached XP level 3. HP: 16/33 MP: 3/3
   624 | D:2      | Reached skill level 1 in Dodging
   625 | D:2      | Noticed a +0 dagger
   625 | D:2      | Noticed a +0 hand axe
   629 | D:2      | Found a hide-covered altar of Uskayaw.
  1419 | D:3      | Reached XP level 4. HP: 34/42 MP: 3/3
  2102 | D:3      | Found a white marble altar of Elyvilon.
  2102 | D:3      | Found a shimmering blue altar of Sif Muna.
  2106 | D:3      | Found a sacrificial altar of Ru.
  2106 | D:3      | Found an ornate altar of the Wu Jian Council.
  2299 | D:4      | Found a staircase to the Ecumenical Temple.
  2309 | Temple   | Entered the Ecumenical Temple
  2342 | Temple   | Became a worshipper of Makhleb the Destroyer
  2373 | D:4      | Found a runed translucent gate.
  2374 | D:4      | Found a runed translucent gate.
  2374 | D:4      | Found a runed translucent gate.
  2374 | D:4      | Noticed Setanta's ghost (amateur BaFi)
  2377 | D:4      | Identified the +9 quarterstaff of Doom {flame, *Slow Str+2
                  | Int+10 Stlth-}
  2377 | D:4      | Identified the cursed +0 plate armour of the Princeling
                  | {rN+ MR- Dex+5}
  2377 | D:4      | Noticed an orc warrior
  2392 | D:4      | Found a bloodstained altar of Trog.
  2443 | D:4      | Found Dav Ihigi's General Store.
  2480 | D:4      | Reached skill level 1 in Invocations
  2480 | D:4      | Reached XP level 5. HP: 33/49 MP: 4/4
  2826 | D:4      | Reached skill level 2 in Invocations
  2834 | D:4      | Noticed an ogre
  2834 | D:4      | Noticed a phantom
  2838 | D:4      | Killed an ogre
  2838 | D:4      | Reached XP level 6. HP: 42/56 MP: 6/6
  2872 | D:4      | Reached skill level 3 in Invocations
  2906 | D:4      | Noticed an ice beast
  2919 | D:4      | Killed an ice beast
  2919 | D:4      | Reached XP level 7. HP: 38/62 MP: 7/7
  2921 | D:4      | Reached skill level 5 in Axes
  2981 | D:4      | Found a roughly hewn altar of Beogh.
  3118 | D:4      | HP: 1/63 [orc warrior/the +9 quarterstaff of Doom {flame,
                  | *Slow Str+2 Int+10 Stlth-} (14)]
  3123 | D:4      | Reached skill level 4 in Invocations
  3133 | D:4      | Reached * piety under Makhleb
  3152 | D:4      | Killed Setanta's ghost
  3152 | D:4      | Reached skill level 5 in Armour
  3152 | D:4      | Reached skill level 5 in Invocations
  3195 | D:5      | Entered Level 5 of the Dungeon
  3226 | D:5      | Reached XP level 8. HP: 61/72 MP: 7/7
  3289 | D:5      | Reached skill level 5 in Shields
  3750 | D:6      | Noticed Sigmund
  3761 | D:6      | Killed Sigmund
  3761 | D:6      | Reached skill level 6 in Invocations
  3775 | D:6      | Noticed Dowan
  3775 | D:6      | Noticed Duvessa
  3786 | D:6      | Killed Dowan
  3795 | D:6      | Killed Duvessa
  3834 | D:6      | Reached ** piety under Makhleb
  3927 | D:6      | Gained mutation: You passively map the area around you.
                  | [Deep Dwarf growth]
  3927 | D:6      | Reached XP level 9. HP: 46/79 MP: 10/10
  3932 | D:6      | Reached skill level 7 in Invocations
  3938 | D:6      | Found a hazy altar of Hepliaklqana.
  4190 | D:6      | Reached skill level 5 in Fighting
  4190 | D:6      | Reached skill level 5 in Dodging
  4190 | D:6      | Reached skill level 8 in Invocations
  4358 | D:6      | Found a glowing silver altar of Zin.
  4743 | D:7      | Found a shattered altar of Ashenzari.
  5003 | D:7      | Got a wavering ruby amulet
  5016 | D:7      | Identified the amulet "Boorhig" {RegenMP rElec rC++ MR+
                  | Stlth+} (You found it on level 7 of the Dungeon)
  5033 | D:7      | Reached *** piety under Makhleb
  5125 | D:7      | Found an ancient bone altar of Kikubaaqudgha.
  5264 | D:7      | Found a large runed translucent door.
  5266 | D:7      | Found a large runed translucent door.
  5266 | D:7      | Noticed Emblim88's ghost (novice TrMo)
  5366 | D:8      | Reached skill level 9 in Invocations
  5366 | D:8      | Reached XP level 10. HP: 88/88 MP: 12/12
  5495 | D:8      | Found a stormy altar of Qazlal.
  5600 | D:8      | Paralysed by a hornet for 2 turns
  5661 | D:8      | Noticed Joseph
  5682 | D:8      | Killed Joseph
  5736 | D:8      | Paralysed by a hornet for 3 turns
  5745 | D:8      | Paralysed by a hornet for 2 turns
  5765 | D:8      | Paralysed by a hornet for 1 turns
  6224 | D:9      | Reached skill level 10 in Invocations
  6292 | D:9      | Noticed a two-headed ogre
  6312 | D:9      | Killed a two-headed ogre
  6337 | D:9      | Reached **** piety under Makhleb
  6350 | D:9      | Reached XP level 11. HP: 97/97 MP: 12/12
  6405 | D:9      | Noticed a centaur warrior
  6416 | D:9      | Killed a centaur warrior
  6423 | D:9      | Reached skill level 10 in Axes
  6508 | D:9      | Reached skill level 11 in Invocations
  6582 | D:9      | Noticed a deep elf mage
  6597 | D:9      | Noticed an orc sorcerer
  6603 | D:9      | Gained mutation: You have very sharp teeth. [a neqoxec]
  6604 | D:9      | Noticed a sixfirhy
  6605 | D:9      | Killed a deep elf mage
  6606 | D:9      | Noticed a tengu warrior
  6614 | D:9      | Gained mutation: You are weak. (Str -2) [a neqoxec]
  6625 | D:9      | Noticed a soul eater
  6628 | D:9      | Killed an orc sorcerer
  6666 | D:9      | Killed a tengu warrior
  6826 | D:9      | Identified a scroll of acquirement
  6853 | D:9      | Found the +5 scythe "Finisher" {speed, eviscerate}
  6996 | D:9      | Found a sparkling altar of Nemelex Xobeh.
  7028 | D:9      | You fall into a shaft and drop 2 floors!
  7044 | D:11     | Found a shimmering blue altar of Sif Muna.
  7051 | D:11     | Noticed a four-headed hydra
  7063 | D:11     | Killed a six-headed hydra
  7075 | D:11     | Noticed an eight-headed hydra
  7085 | D:11     | Killed an eight-headed hydra
  7166 | D:10     | Entered Level 10 of the Dungeon
  7306 | D:10     | Reached skill level 12 in Invocations
  7339 | D:10     | Noticed Erolcha
  7350 | D:10     | Killed Erolcha
  7408 | D:10     | Found a staircase to the Lair.
  7852 | D:10     | Found Luir's Magic Scroll Shoppe.
  7860 | D:10     | Bought a scroll of acquirement for 572 gold pieces
  7879 | D:10     | Reached XP level 12. HP: 51/106 MP: 12/12
  8015 | D:10     | Found a roughly hewn altar of Beogh.
  8015 | D:10     | Found a staircase to the Orcish Mines.
  8154 | D:10     | Reached ***** piety under Makhleb
  8497 | Lair:1   | Entered Level 1 of the Lair of Beasts
  8598 | Lair:1   | Noticed a six-headed hydra
  8620 | Lair:1   | Killed a ten-headed hydra
  8975 | Lair:1   | Reached skill level 13 in Invocations
  9132 | Lair:1   | Noticed a six-headed hydra
  9160 | Lair:1   | Killed a six-headed hydra
  9463 | Lair:2   | Noticed a five-headed hydra
  9477 | Lair:2   | Killed a seven-headed hydra
  9499 | Lair:2   | Found a staircase to the Shoals.
 10166 | Lair:2   | Reached XP level 13. HP: 94/117 MP: 11/11
 10649 | Lair:3   | Found a staircase to the Snake Pit.
 10669 | Lair:3   | Reached skill level 14 in Invocations
 11796 | Lair:4   | Noticed Nessos
 11819 | Lair:4   | Killed Nessos
 12830 | Lair:5   | Found a staircase to the Slime Pits.
 13065 | Lair:5   | Reached skill level 10 in Shields
 13073 | Lair:5   | Found a transporter.
 13075 | Lair:5   | Found the +3 pair of gauntlets of War {Slay+5}
 13111 | Lair:5   | Found a transporter.
 13364 | Lair:6   | Entered Level 6 of the Lair of Beasts
 13385 | Lair:6   | Reached skill level 10 in Armour
 13488 | Lair:6   | Reached skill level 15 in Invocations
 13627 | Lair:6   | Found a transporter.
 13651 | Lair:6   | Noticed aduken's ghost (journeyman FeTm)
 13663 | Lair:6   | Gained mutation: You resist negative energy. (rN+) [Deep
                  | Dwarf growth]
 13663 | Lair:6   | Reached XP level 14. HP: 127/127 MP: 13/13
 13698 | Lair:6   | Found a transporter.
 13714 | Lair:6   | Noticed an Executioner
 14137 | Lair:6   | Reached skill level 10 in Dodging
 14901 | Orc:1    | Entered Level 1 of the Orcish Mines
 15030 | Orc:1    | Found a dark tunnel.
 15041 | Volcano  | Entered a volcano
 15061 | Volcano  | Reached skill level 16 in Invocations
 16018 | Orc:2    | Entered Level 2 of the Orcish Mines
 16058 | Orc:2    | Found a shimmering blue altar of Sif Muna.
 16243 | Orc:1    | Noticed Nergalle
 16260 | Orc:1    | Killed Nergalle
 16474 | Orc:2    | Reached ****** piety under Makhleb
 16623 | Orc:2    | Found a staircase to the Elven Halls.
 17012 | Orc:2    | Found Ihyacrod's Distillery.
 17012 | Orc:2    | Found Wythec's Antique Armour Shop.
 17013 | Orc:2    | Found Fuanamot's Gadget Shop.
 17013 | Orc:2    | Found Jovit's Food Boutique.
 17747 | D:12     | Reached XP level 15. HP: 135/135 MP: 13/13
 17824 | D:12     | Found a gate leading to a gauntlet.
 17835 | Gauntlet | Entered a Gauntlet
 17835 | Gauntlet | Found a transporter.
 17835 | Gauntlet | Found a transporter.
 17839 | Gauntlet | Found a transporter.
 17839 | Gauntlet | Found a transporter.
 17850 | Gauntlet | Found a transporter.
 17857 | Gauntlet | Found a transporter.
 17867 | Gauntlet | Found a transporter.
 17867 | Gauntlet | Found a transporter.
 17891 | Gauntlet | Found a transporter.
 17898 | Gauntlet | Found a transporter.
 17910 | Gauntlet | Found a transporter.
 17928 | Gauntlet | Found a transporter.
 17974 | Gauntlet | Found a transporter.
 17988 | Gauntlet | Found a transporter.
 18090 | Gauntlet | Found a transporter.
 18108 | Gauntlet | Found a transporter.
 18271 | Gauntlet | Got a transparent iron amulet
 18275 | Gauntlet | Identified the amulet "Gekhlou" {Faith rC+ MR+ Stlth+} (You
                  | found it in a Gauntlet)
 18434 | Gauntlet | Identified Myghem's Collected Works on Envenoming and
                  | Talismans
 18794 | D:12     | Found the +8 mithril axe "Arga" {speed, MR+}
 18961 | Snake:1  | Entered Level 1 of the Snake Pit
 18988 | Snake:1  | Found Emexus's Antique Armour Shoppe.
 18989 | Snake:1  | Found Ydiwugom's Jewellery Shoppe.
 18992 | Snake:1  | Bought an embroidered scarf for 216 gold pieces
 18992 | Snake:1  | Bought a runed helmet for 202 gold pieces
 19048 | Snake:1  | Identified the +1 robe "Quemasa" {Str-3 Dex+4 Stlth+}
 19051 | Snake:1  | Found Filicry's Gadget Shoppe.
 19174 | Snake:1  | Found Kun Umul's Armour Shop.
 19205 | Snake:1  | Reached skill level 15 in Axes
 19205 | Snake:1  | Reached skill level 17 in Invocations
 19346 | Snake:1  | Found Rehethat's Jewellery Boutique.
 19347 | Snake:1  | Found Peogoj's Gadget Emporium.
 19348 | Snake:1  | Found Zonagyot's Jewellery Boutique.
 19642 | Snake:3  | Noticed a nagaraja
 19664 | Snake:3  | Killed a nagaraja
 19687 | Snake:4  | Entered Level 4 of the Snake Pit
 19687 | Snake:4  | Found a frozen archway.
 19724 | Snake:4  | Noticed a nagaraja
 19724 | Snake:4  | Noticed a nagaraja
 19731 | Snake:4  | Noticed a nagaraja
 19744 | Snake:4  | Killed a nagaraja
 19748 | Snake:4  | Killed a nagaraja
 19754 | Snake:4  | Killed a nagaraja
 19781 | Snake:4  | Noticed a nagaraja
 19787 | Snake:4  | Reached skill level 10 in Fighting
 19793 | Snake:4  | Killed a nagaraja
 19838 | Snake:4  | Noticed a nagaraja
 19851 | Snake:4  | Killed a nagaraja
 19869 | Snake:4  | Reached XP level 16. HP: 130/146 MP: 14/14
 19933 | Snake:4  | Reached skill level 18 in Invocations
 20233 | Snake:4  | Got a serpentine rune of Zot
 20420 | Shoals:1 | Entered Level 1 of the Shoals
 20575 | Shoals:3 | Identified the +0 helmet of the Shoals {rElec rN+ MP+9
                  | Str+2} (You found it on level 3 of the Shoals)
 20781 | Shoals:3 | Reached skill level 19 in Invocations
 20781 | Shoals:3 | Reached XP level 17. HP: 154/154 MP: 16/16
 20790 | Shoals:3 | Identified the cursed +1 shortbow of Yesterday {freeze,
                  | rElec Dex+4}
 20903 | Shoals:3 | Noticed a kraken
 20914 | Shoals:3 | Killed a kraken
 20922 | Shoals:3 | Noticed Ilsuiw
 20996 | Shoals:3 | Killed Ilsuiw
 21090 | Shoals:4 | Entered Level 4 of the Shoals
 21122 | Shoals:4 | Noticed Bai Suzhen
 21142 | Shoals:4 | Killed Bai Suzhen
 21296 | Shoals:4 | Noticed Nikola
 21322 | Shoals:4 | Killed Nikola
 21602 | Shoals:4 | Got a barnacled rune of Zot
 21898 | D:13     | Found a gate to the Vaults.
 22355 | D:15     | Entered Level 15 of the Dungeon
 22458 | D:15     | Found a staircase to the Depths.
 22467 | D:15     | Reached skill level 20 in Invocations
 22576 | D:15     | Gained mutation: You passively map a large area around you.
                  | [Deep Dwarf growth]
 22576 | D:15     | Reached XP level 18. HP: 165/165 MP: 18/18
 22707 | Depths:1 | Entered Level 1 of the Depths
 22907 | Depths:1 | Identified the +2 helmet of Dixtef {Slay+4} (You acquired
                  | it on level 1 of the Depths)
 22927 | Depths:1 | Found a gateway to Hell.
 23208 | Depths:1 | Found an iron altar of Okawaru.
 23265 | Depths:1 | Found a runed translucent door.
 23265 | Depths:1 | Noticed Himmaryad's ghost (adept TrMo)
 23270 | Depths:1 | Found a one-way gate leading to the halls of Pandemonium.
 23784 | Depths:1 | Reached skill level 21 in Invocations
 23959 | Depths:2 | Reached XP level 19. HP: 175/175 MP: 19/19
 24493 | Depths:3 | You fall into a shaft and drop 1 floor!
 24524 | Depths:4 | Found a one-way gate to the infinite horrors of the Abyss.
 24530 | Depths:4 | Noticed Saint Roka
 24568 | Depths:4 | Killed Saint Roka
 24787 | Depths:3 | Found Mook's Antique Armour Shoppe.
 25101 | Depths:3 | Found a stormy altar of Qazlal.
 25144 | Depths:3 | Noticed Boris
 25168 | Depths:3 | Killed Boris
 25347 | Depths:5 | Entered Level 5 of the Depths
 25370 | Depths:5 | Noticed a golden dragon
 25382 | Depths:5 | Killed a golden dragon
 25403 | Depths:5 | Reached skill level 22 in Invocations
 25507 | Depths:5 | Reached XP level 20. HP: 184/184 MP: 21/21
 25906 | Depths:5 | Found a gateway to a ziggurat.
 26225 | Depths:5 | Noticed a bone dragon
 26227 | Depths:5 | Found a gate to the Realm of Zot.
 26246 | Depths:5 | Killed a bone dragon
 26286 | Depths:5 | Noticed Boris
 26298 | Depths:5 | Killed Boris
 26701 | Snake:1  | Bought an uncursed ring of resist corrosion for 240 gold
                  | pieces
 26807 | Slime:1  | Entered Level 1 of the Pits of Slime
 26817 | Slime:1  | Gained mutation: You evolve. [a shining eye]
 26925 | Slime:3  | Reached skill level 15 in Shields
 26943 | Slime:3  | Reached skill level 15 in Armour
 27019 | Slime:5  | Entered Level 5 of the Pits of Slime
 27036 | Slime:5  | Noticed the Royal Jelly
 27041 | Slime:5  | Reached skill level 23 in Invocations
 27064 | Slime:5  | Killed the Royal Jelly
 27087 | Slime:5  | Reached XP level 21. HP: 106/194 MP: 2/22
 27096 | Slime:5  | Reached skill level 15 in Dodging
 27199 | Slime:5  | Identified the cursed +1 plate armour of Wu Jian's Hope
                  | {Int+2} (You found it on level 5 of the Pits of Slime)
 27234 | Slime:5  | Got a slimy rune of Zot
 27475 | Lair:1   | Gained mutation: You expend magic power (3 MP) to
                  | strengthen your wands. [evolution]
 27789 | Zot:1    | Entered Level 1 of the Realm of Zot
 27789 | Zot:1    | Noticed an orb of fire
 27805 | Zot:1    | Gained mutation: Your spells are a little easier to cast,
                  | but a little less powerful. [an orb of fire]
 27815 | Zot:1    | Gained mutation: Armour fits poorly on your strangely
                  | shaped body. [an orb of fire]
 27821 | Zot:1    | Gained mutation: Your body sometimes deteriorates upon
                  | taking damage. [an orb of fire]
 27826 | Zot:1    | Killed an orb of fire
 27981 | Zot:3    | Noticed a golden dragon
 27991 | Zot:3    | Killed from afar by a black draconian scorcher

Levels and vault maps discovered:
D:1:      lightli_arrival_chessboard, layout_rooms,
          minmay_misc_feat_four_crosses
D:2:      layout_basic, dancing_weapons_uskayaw
D:3:      layout_basic, chequers_temple_overflow_statue_of_worship,
          first_ration, roderic_lattice_a
D:4:      layout_cave_pools, bloody_trog, minmay_temple_entry_trees,
          biasface_ghost_orc_armoury, serial_shops,
          nicolae_shop_temple_entry_statues_fountains, minmay_mini_jars
D:5:      layout_cave_pools, chequers_serial_rivers_micro_e
D:6:      layout_basic, kennysheep_mini_moat, overflow_temple_1_default,
          uniq_sigmund, uniq_duvessa
D:7:      layout_loops_ring, nicolae_overflow_crystal_walls, kennysheep_mini,
          ebering_ghost_disaster_area
D:8:      layout_loops_ring, nicolae_qazlal_style_of_elements, the_bakery,
          nicolae_lava_and_water, glass_columns_a, uniq_joseph
D:9:      minmay_the_grid_3x3 [minmay_the_grid_tri_star,
          minmay_the_grid_small_cups, minmay_the_grid_diamond_grid,
          minmay_the_grid_outer_circle, minmay_the_grid_x,
          minmay_the_grid_plusring, minmay_the_grid_gridbox,
          minmay_the_grid_tree, minmay_the_grid_prize_four_corners],
          layout_irregular_city, nemelex_altar_shiori, serial_column_ruins,
          column_ruins_hut, column_ruins_hut, column_ruins_corridor_T,
          column_ruins_open_small, column_ruins_open_small_water,
          column_ruins_open_tiny, column_ruins_corridor_straight,
          minmay_guarded_unrand_finisher
D:10:     layout_irregular_city, erik_lair_orcish_takeover, david_orc_5,
          serial_shops, shop, chequers_hall_statues_corner_a, uniq_erolcha
D:11:     layout_small_grid, basic_altar, hex_tiny
D:12:     layout_loops_ring, gauntlet_entry_generic
D:13:     layout_roguey, lightli_vaults_fourway_checkpoint, ebering_ghost_gozag,
          minmay_misc_feat_chi
D:14:     layout_roguey, serial_bayou_pond_d
D:15:     gammafunk_depths_entry_grave, layout_basic, serial_bayou_pond_c
Temple:   cyrus_temple_forest
Lair:1:   layout_small_grid
Lair:2:   layout_hall_layers, minmay_shoals_entry_centaurs, special_room
          [special_room_bee], serial_forest, infiniplex_forest_clump_long,
          infiniplex_forest_straight_3, infiniplex_forest_clump_small,
          infiniplex_forest_lined_3, infiniplex_forest_end_2,
          infiniplex_forest_lined_3, infiniplex_forest_lined_1,
          infiniplex_forest_lined_2, infiniplex_forest_lined_room_2
Lair:3:   layout_layer_cave, minmay_snake_entry_six_corridors
Lair:4:   layout_loops_ring, infiniplex_staircase_pool_2, uniq_nessos
Lair:5:   gammafunk_cloud_chamber, layout_small_grid, minmay_slime_entry_pillars
Lair:6:   guppyfry_lair_end_dragon, layout_hall_layers,
          hangedman_lair_tendril_chambers, gammafunk_ghost_berserking_beasts,
          serial_rivers, chequers_serial_rivers_room_b,
          chequers_serial_rivers_small_b, chequers_serial_rivers_room_b,
          chequers_serial_rivers_small_3, chequers_serial_rivers_micro_a,
          chequers_serial_rivers_room_a
Shoals:1: layout_shoals
Shoals:2: layout_shoals, serial_shops, shop_fountains,
          nicolae_shoals_kraken_intersection
Shoals:3: layout_shoals, hangedman_shoal_volcano, uniq_ilsuiw
Shoals:4: shoals_end_grunt_ice, layout_shoals, uniq_bai_suzhen, uniq_nikola
Snake:1:  layout_misc_corridors, serial_shops, shop_fountains, shop, shop, shop,
          st_stairs_11, minmay_shop_grove, serial_bayou_shore_b
Snake:2:  layout_misc_corridors, drop_trap
Snake:3:  layout_cave_town
Snake:4:  grunt_snake_rune_spirals, layout_onion_interference,
          portal_ice_cave_entry_pillars_four, basic_altar, serial_bayou_ford_a,
          serial_bayou_shore_a
Slime:1:  layout_caves
Slime:2:  layout_caves
Slime:3:  layout_caves, nicolae_slime_phagocytosis
Slime:4:  layout_caves, uniq_dissolution
Slime:5
Orc:1:    layout_caves, enter_volcano_1, uniq_nergalle
Orc:2:    st_orc_pillars, layout_diamond_mine, led_sif_book
Depths:1: nooodl_heptagram, layout_twisted_cross, hell_entry,
          rand_demon_pan_entry_3, gammafunk_ghost_grave,
          minmay_misc_feat_rugged, ebering_dispersal_statue_hall, drop_trap,
          serial_sigils_hangedman_writhe, okawaru_ov_weapons_minmay
Depths:2: lemuel_river_lethe, abyss_entry, pan_entry, hell_entry
Depths:3: minmay_connected_triangles_in_corner, layout_gridlike, hell_entry,
          serial_shops, shop_fountains, pan_entry, minmay_misc_feat_ornament,
          abandoned_shop, lemuel_statue_altar, infiniplex_staircase_spiral,
          hangedman_decor_cross_pass, serial_bayou_shore_b, uniq_boris
Depths:4: minmay_inner_zag, layout_cross, serial_sigils,
          serial_sigils_hangedman_shear, serial_sigils_hangedman_gut,
          serial_sigils_hangedman_scratch, serial_sigils_hangedman_gnaw,
          serial_sigils_hangedman_clutch, abyss_entry, mu_enter_wizlab_1,
          hell_entry, hangedman_abyss_or_decor_stabs, uniq_saint_roka
Depths:5: grunt_zot_entry_gee_three, layout_honeycomb, enter_ziggurat_c,
          hell_entry, minmay_curled_crystal
Zot:1:    layout_misc_corridors, nrook_zot_tub
Zot:2:    layout_concentric_octagons
Zot:3:    gammafunk_sealed_arena, layout_misc_corridors,
          gammafunk_ghost_necromancy, drop_trap, lemuel_lich_library
